| TOP OF THE 1ST |
|
Trenton Thunder batting - Pitching for Midland RockHounds : RHP Mike Staus
|
|
Pitching: RHP Mike Staus
|
|
|
Batting: RHB Bryan Westray
|
0-0: Ball 1-0: Called Strike 1-1: Called Strike 1-2: Foul Ball, location: 2F 1-2: Foul Ball, location: 2F 1-2: Foul Ball, location: 2F 1-2: SINGLE (Flyball, 7LS, EV 85.0 MPH)
|
|
Batting: LHB Jared Zulkowski
|
0-0: Ball 1-0: Fly out, F5 (Popup, 5S, EV 67.5 MPH)
|
|
Batting: RHB Sam Hubbert
|
0-0: Grounds into double play, 5-4-3 (Groundball, 56, EV 93.1 MPH)
|
| Top of the 1st over - 0 runs, 1 hit, 0 errors, 0 left on base; Trenton 0 - Midland 0 |
| BOTTOM OF THE 1ST |
|
Midland RockHounds batting - Pitching for Trenton Thunder : RHP John Robidoux
|
|
Pitching: RHP John Robidoux
|
|
|
Batting: RHB Chris Bohm
|
0-0: Foul Ball, location: 2F 0-1: Called Strike 0-2: Ball 1-2: Fly out, F7 (Flyball, 7LM, EV 107.5 MPH)
|
|
Batting: RHB Chris Prinzing
|
0-0: SINGLE (Groundball, P, EV 83.8 MPH) (infield hit)
|
|
Batting: RHB Sean Gould
|
0-0: Foul Ball, location: 2F 0-1: Called Strike 0-2: Ball 1-2: Ball 2-2: Ball Chris Prinzing is caught stealing 2nd base 2-4 3-2: Base on Balls
|
|
Batting: LHB Chance Stever
|
0-0: Ball Passed Ball! Sean Gould to second 1-0: Called Strike 1-1: Fly out, F9 (Line Drive, 9, EV 86.9 MPH)
|
| Bottom of the 1st over - 0 runs, 1 hit, 0 errors, 1 left on base; Trenton 0 - Midland 0 |
| TOP OF THE 2ND |
|
Trenton Thunder batting - Pitching for Midland RockHounds : RHP Mike Staus
|
|
Batting: RHB Javier Umanzor
|
0-0: Ball 1-0: Ball 2-0: Ball 3-0: Base on Balls
|
|
Batting: RHB Phil Reeves
|
0-0: Fly out, F8 (Flyball, 8LD, EV 96.9 MPH)
|
|
Batting: RHB Alex Colon
|
0-0: Called Strike 0-1: Ball 1-1: Swinging Strike 1-2: Foul Ball, location: 2F 1-2: Ball 2-2: Grounds into double play, 3-6-3 (Groundball, 13, EV 83.8 MPH)
|
| Top of the 2nd over - 0 runs, 0 hits, 0 errors, 0 left on base; Trenton 0 - Midland 0 |
| BOTTOM OF THE 2ND |
|
Midland RockHounds batting - Pitching for Trenton Thunder : RHP John Robidoux
|
|
Batting: RHB Matt Sherard
|
0-0: Called Strike 0-1: SINGLE (Groundball, 5D, EV 98.8 MPH)
|
|
Batting: LHB Tom Raupp
|
0-0: Called Strike 0-1: Ball 1-1: Ball 2-1: Foul Ball, location: 2F 2-2: Ball 3-2: Strikes out swinging Matt Sherard steals 2nd, throwing error, E2 Matt Sherard to third
|
|
Batting: RHB Gojko Golob
|
0-0: Foul Ball, location: 2F 0-1: SINGLE (Groundball, 56D, EV 96.2 MPH) Matt Sherard scores
|
|
Batting: LHB Jose Mojica
|
0-0: Ball 1-0: Called Strike 1-1: Ball 2-1: Foul Ball, location: 2F 2-2: Ball 3-2: Base on Balls Gojko Golob to second
|
|
Batting: RHB Larry Clark
|
0-0: Fly out, F9 (Flyball, 9LS, EV 85.0 MPH)
|
|
Batting: RHB Chris Bohm
|
0-0: Ground out 4-3 (Groundball, 4, EV 88.1 MPH)
|
| Bottom of the 2nd over - 1 run, 2 hits, 1 error, 2 left on base; Trenton 0 - Midland 1 |
| TOP OF THE 3RD |
|
Trenton Thunder batting - Pitching for Midland RockHounds : RHP Mike Staus
|
|
Batting: RHB Christian Shearer
|
0-0: Called Strike 0-1: Ground out 6-3 (Groundball, 56, EV 100.6 MPH)
|
|
Batting: SHB Houston Phillips
|
0-0: Ball 1-0: Called Strike 1-1: Fly out, F9 (Flyball, 9D, EV 89.4 MPH)
|
|
Batting: RHB Ben Kidder
|
0-0: Called Strike 0-1: Called Strike 0-2: Ball 1-2: Foul Ball, location: 2F 1-2: SINGLE (Groundball, 4MD, EV 104.4 MPH)
|
|
Batting: RHB Bryan Westray
|
0-0: Ball Ben Kidder steals 2nd base 1-0: Swinging Strike 1-1: Ball 2-1: Fly out, F7 (Line Drive, 7, EV 92.5 MPH)
|
| Top of the 3rd over - 0 runs, 1 hit, 0 errors, 1 left on base; Trenton 0 - Midland 1 |
| BOTTOM OF THE 3RD |
|
Midland RockHounds batting - Pitching for Trenton Thunder : RHP John Robidoux
|
|
Batting: RHB Chris Prinzing
|
0-0: Ball 1-0: Ball 2-0: SINGLE (Flyball, 89S, EV 95.0 MPH)
|
|
Batting: RHB Sean Gould
|
0-0: Called Strike 0-1: Swinging Strike 0-2: Foul Ball, location: 2F 0-2: Foul Ball, location: 5F, Error on foul ball, E5 0-2: Ball 1-2: Grounds into double play, 4-6-3 (Groundball, 34, EV 82.5 MPH)
|
|
Batting: LHB Chance Stever
|
0-0: Ball 1-0: Ball 2-0: Ball 3-0: Base on Balls
|
|
Batting: RHB Matt Sherard
|
0-0: Foul Ball, location: 2F 0-1: Swinging Strike 0-2: Ball 1-2: Foul Ball, location: 2F 1-2: Ball 2-2: Foul Ball, location: 2F 2-2: Ball 3-2: Foul Ball, location: 2F 3-2: Foul Ball, location: 2F 3-2: Strikes out looking
|
| Bottom of the 3rd over - 0 runs, 1 hit, 1 error, 1 left on base; Trenton 0 - Midland 1 |
| TOP OF THE 4TH |
|
Trenton Thunder batting - Pitching for Midland RockHounds : RHP Mike Staus
|
|
Batting: LHB Jared Zulkowski
|
0-0: Ball 1-0: Called Strike 1-1: Foul Ball, location: 2F 1-2: Foul Ball, location: 2F 1-2: Ground out 4-3 (Groundball, 4, EV 104.4 MPH)
|
|
Batting: RHB Sam Hubbert
|
0-0: Called Strike 0-1: Called Strike 0-2: Ball 1-2: Strikes out swinging
|
|
Batting: RHB Javier Umanzor
|
0-0: Called Strike 0-1: Called Strike 0-2: Ball 1-2: Foul Ball, location: 2F 1-2: Foul Ball, location: 2F 1-2: Strikes out swinging
|
| Top of the 4th over - 0 runs, 0 hits, 0 errors, 0 left on base; Trenton 0 - Midland 1 |
| BOTTOM OF THE 4TH |
|
Midland RockHounds batting - Pitching for Trenton Thunder : RHP John Robidoux
|
|
Batting: LHB Tom Raupp
|
0-0: Ball 1-0: Called Strike 1-1: Ball 2-1: Swinging Strike 2-2: Ball 3-2: Base on Balls
|
|
Batting: RHB Gojko Golob
|
0-0: SINGLE (Groundball, 13, EV 83.1 MPH) (infield hit) Tom Raupp to second
|
|
Batting: LHB Jose Mojica
|
0-0: Called Strike 0-1: Called Strike 0-2: Ball 1-2: Ball 2-2: Fielders Choice at 2nd, 4-6 (Groundball, 4, EV 88.8 MPH) Tom Raupp to third
|
|
Batting: RHB Larry Clark
|
0-0: Swinging Strike 0-1: Called Strike Jose Mojica steals 2nd base 0-2: Ball Passed Ball! Tom Raupp scores Jose Mojica to third 1-2: Foul Ball, location: 2F 1-2: Ball 2-2: Strikes out swinging
|
|
Batting: RHB Chris Bohm
|
0-0: Ball 1-0: Ground out 5-3 (Groundball, 56, EV 99.4 MPH)
|
| Bottom of the 4th over - 1 run, 1 hit, 0 errors, 1 left on base; Trenton 0 - Midland 2 |
| TOP OF THE 5TH |
|
Trenton Thunder batting - Pitching for Midland RockHounds : RHP Mike Staus
|
|
Batting: RHB Phil Reeves
|
0-0: Called Strike 0-1: Ball 1-1: Ball 2-1: Foul Ball, location: 2F 2-2: Foul Ball, location: 2F 2-2: Strikes out swinging
|
|
Batting: RHB Alex Colon
|
0-0: Called Strike 0-1: Ball 1-1: Ball 2-1: Ground out 6-3 (Groundball, 56, EV 103.8 MPH)
|
|
Batting: RHB Christian Shearer
|
0-0: Foul Ball, location: 2F 0-1: Called Strike 0-2: Strikes out swinging
|
| Top of the 5th over - 0 runs, 0 hits, 0 errors, 0 left on base; Trenton 0 - Midland 2 |
| BOTTOM OF THE 5TH |
|
Midland RockHounds batting - Pitching for Trenton Thunder : RHP John Robidoux
|
|
Batting: RHB Chris Prinzing
|
0-0: Foul Ball, location: 2F 0-1: Foul Ball, location: 2F 0-2: Ball 1-2: Strikes out swinging
|
|
Batting: RHB Sean Gould
|
0-0: Foul Ball, location: 2F 0-1: SOLO HOME RUN (Flyball, 9D, EV 101.2 MPH), Distance : 368 ft
|
|
Batting: LHB Chance Stever
|
0-0: Ball 1-0: Called Strike 1-1: Ground out 5-3 (Groundball, 56, EV 81.2 MPH)
|
|
Batting: RHB Matt Sherard
|
0-0: Ball 1-0: Ball 2-0: Reached via error on a dropped throw from 3B, E3 (Groundball, 56S, EV 88.1 MPH)
|
|
Batting: LHB Tom Raupp
|
0-0: Ball 1-0: Ball 2-0: Called Strike 2-1: Fly out, F8 (Flyball, 78D, EV 88.8 MPH)
|
| Bottom of the 5th over - 1 run, 1 hit, 1 error, 1 left on base; Trenton 0 - Midland 3 |
| TOP OF THE 6TH |
|
Trenton Thunder batting - Pitching for Midland RockHounds : RHP Mike Staus
|
|
Batting: SHB Houston Phillips
|
0-0: Called Strike 0-1: Called Strike 0-2: Foul Ball, location: 2F 0-2: Ground out 1-3 (Groundball, 34S, EV 65.0 MPH)
|
|
Batting: RHB Ben Kidder
|
0-0: Swinging Strike 0-1: Ball 1-1: Ground out 6-3 (Groundball, 6MS, EV 83.1 MPH)
|
|
Batting: RHB Bryan Westray
|
0-0: Foul Ball, location: 2F 0-1: Ball 1-1: SINGLE (Groundball, 56D, EV 97.5 MPH)
|
|
Batting: LHB Jared Zulkowski
|
0-0: Called Strike 0-1: Foul Ball, location: 2F 0-2: Strikes out swinging
|
| Top of the 6th over - 0 runs, 1 hit, 0 errors, 1 left on base; Trenton 0 - Midland 3 |
| BOTTOM OF THE 6TH |
|
Midland RockHounds batting - Pitching for Trenton Thunder : RHP John Robidoux
|
|
Pitching: RHP Joe Shaw
|
|
|
Batting: RHB Gojko Golob
|
0-0: Ball 1-0: Swinging Strike 1-1: Foul Ball, location: 2F 1-2: Foul Ball, location: 2F 1-2: Foul Ball, location: 2F 1-2: Fly out, F8 (Flyball, 89D, EV 91.2 MPH)
|
|
Batting: LHB Jose Mojica
|
0-0: Called Strike 0-1: Foul Ball, location: 2F 0-2: Strikes out swinging
|
|
Batting: RHB Larry Clark
|
0-0: Ball 1-0: Called Strike 1-1: Ball 2-1: Swinging Strike 2-2: Ball 3-2: Ground out 6-3 (Groundball, 6, EV 83.1 MPH)
|
| Bottom of the 6th over - 0 runs, 0 hits, 0 errors, 0 left on base; Trenton 0 - Midland 3 |
| TOP OF THE 7TH |
|
Trenton Thunder batting - Pitching for Midland RockHounds : RHP Mike Staus
|
|
Batting: RHB Sam Hubbert
|
0-0: Ball 1-0: Ball 2-0: Ball 3-0: Called Strike 3-1: Foul Ball, location: 2F 3-2: Fly out, F8 (Flyball, 8RM, EV 81.2 MPH)
|
|
Batting: RHB Javier Umanzor
|
0-0: Called Strike 0-1: Ball 1-1: Foul Ball, location: 2F 1-2: Ball 2-2: Ball 3-2: Strikes out swinging
|
|
Batting: RHB Phil Reeves
|
0-0: Called Strike 0-1: Ball 1-1: Fly out, F8 (Line Drive, 8RM, EV 85.6 MPH)
|
| Top of the 7th over - 0 runs, 0 hits, 0 errors, 0 left on base; Trenton 0 - Midland 3 |
| BOTTOM OF THE 7TH |
|
Midland RockHounds batting - Pitching for Trenton Thunder : RHP Joe Shaw
|
|
Pitching: RHP Jimmy Wilder
|
|
|
Batting: RHB Chris Bohm
|
0-0: Ball 1-0: Ball 2-0: Ball 3-0: Called Strike 3-1: Base on Balls
|
|
Batting: RHB Chris Prinzing
|
0-0: Ball Chris Bohm is caught stealing 2nd base 2-4 1-0: Called Strike 1-1: Swinging Strike 1-2: Strikes out swinging
|
|
Batting: RHB Sean Gould
|
0-0: Ball 1-0: Called Strike 1-1: Called Strike 1-2: Ball 2-2: Ball 3-2: Base on Balls
|
|
Batting: LHB Chance Stever
|
0-0: Ball 1-0: Called Strike 1-1: Ball 2-1: Called Strike 2-2: Foul Ball, location: 2F 2-2: Foul Ball, location: 2F 2-2: Ground out U3 (Groundball, 3, EV 108.8 MPH)
|
| Bottom of the 7th over - 0 runs, 0 hits, 0 errors, 1 left on base; Trenton 0 - Midland 3 |
| TOP OF THE 8TH |
|
Trenton Thunder batting - Pitching for Midland RockHounds : RHP Mike Staus
|
|
Batting: RHB Alex Colon
|
0-0: Ground out 5-3 (Groundball, 5L, EV 90.6 MPH)
|
|
Pinch Hitting: SHB Corey Penson
|
0-0: Ball 1-0: Ball 2-0: SINGLE (Groundball, 3D, EV 101.2 MPH)
|
|
Pitching: RHP Antonio Reyes
|
|
|
Batting: SHB Houston Phillips
|
0-0: Called Strike 0-1: Foul Ball, location: 2F 0-2: Strikes out swinging
|
|
Pinch Hitting: LHB Justin O'Neal
|
0-0: Ball 1-0: Ball 2-0: Foul Ball, location: 2F 2-1: Ball 3-1: Called Strike 3-2: Base on Balls Corey Penson to second
|
|
Batting: RHB Bryan Westray
|
0-0: Called Strike 0-1: Ball 1-1: Fielders Choice at 2nd, 6-4 (Groundball, 6, EV 90.0 MPH)
|
| Top of the 8th over - 0 runs, 1 hit, 0 errors, 2 left on base; Trenton 0 - Midland 3 |
| BOTTOM OF THE 8TH |
|
Midland RockHounds batting - Pitching for Trenton Thunder : RHP Jimmy Wilder
|
|
Pitching: RHP David Durr
|
|
|
Now at 2B: Justin O'Neal
|
|
|
Now at 3B: Roberto Tena
|
|
|
Batting: RHB Matt Sherard
|
0-0: Ball 1-0: Called Strike 1-1: Swinging Strike 1-2: Fly out, F9 (Flyball, 9LS, EV 79.4 MPH)
|
|
Batting: LHB Tom Raupp
|
0-0: Fly out, F8 (Flyball, 89D, EV 78.8 MPH)
|
|
Batting: RHB Gojko Golob
|
0-0: Swinging Strike 0-1: Called Strike 0-2: Strikes out looking
|
| Bottom of the 8th over - 0 runs, 0 hits, 0 errors, 0 left on base; Trenton 0 - Midland 3 |
| TOP OF THE 9TH |
|
Trenton Thunder batting - Pitching for Midland RockHounds : RHP Antonio Reyes
|
|
Pitching: RHP John Shutt
|
|
|
Batting: LHB Jared Zulkowski
|
0-0: Ball 1-0: SOLO HOME RUN (Flyball, 7D, EV 95.0 MPH), Distance : 387 ft
|
|
Batting: RHB Sam Hubbert
|
0-0: SINGLE (Line Drive, 7S, EV 89.4 MPH)
|
|
Batting: LHB Steve LeGrand
|
0-0: Called Strike 0-1: Ground out 4-3 (Groundball, 34S, EV 90.0 MPH) Sam Hubbert to second
|
|
Batting: RHB Phil Reeves
|
0-0: Ball 1-0: Ball 2-0: Foul Ball, location: 2F 2-1: Ball 3-1: Base on Balls
|
|
Batting: RHB Alex Colon
|
0-0: Ball 1-0: Ball 2-0: Fielders Choice at 2nd, 3-6 (Groundball, 34, EV 79.4 MPH) Sam Hubbert to third
|
|
Pinch Hitting: RHB Tim Osborn
|
0-0: Swinging Strike 0-1: Swinging Strike 0-2: Strikes out swinging
|
| Top of the 9th over - 1 run, 2 hits, 0 errors, 2 left on base; Trenton 1 - Midland 3 |
|